 Dungeon Crawl Stone Soup version 0.17.0-28-g6e173f8 (webtiles) character file.

124 dohliylev the Sneak (level 4, -1/34 HPs)
             Began as a Vampire Assassin on Dec 2, 2015.
             Slain by Crazy Yiuf
             ... wielding a +2 quarterstaff of chaos
              (7 damage)
             ... on level 2 of the Dungeon.
             The game lasted 00:14:02 (1706 turns).

dohliylev the Sneak (Vampire Assassin)              Turns: 1706, Time: 00:14:02

Health: -1/34      AC:  3    Str: 10    XL:     4   Next: 81%
Magic:  4/4        EV: 13    Int: 13    God:
Gold:   141        SH:  0    Dex: 16    Spells: 0 memorised, 3 levels left

rFire  . . .     SeeInvis +     a - +2 dagger
rCold  . . .     Clarity  .     c - +0 robe
rNeg   . . .     SustAt   .     (no shield)
rPois  .         Gourm    .     (no helmet)
rElec  .         Spirit   .     d - +0 cloak
rCorr  .         Warding  .     (no gloves)
rMut   .         Stasis   .     (no boots)
MR     .....                    (no amulet)
Stlth  ++++......               (no ring)
                                l - ring of wizardry

@: lethally poisoned (-1 -> -3), very slightly contaminated, regenerating
quickly, hasted, very quick, not resistant to hostile enchantments, stealthy
A: fangs 3, see invisible, unbreathing
a: no special abilities


You were on level 2 of the Dungeon.
You were full.

You visited 1 branch of the dungeon, and saw 2 of its levels.

You collected 141 gold pieces.

Inventory:

Hand Weapons
 a - a +2 dagger (weapon)
 b - a +0 blowgun
 q - a +1 mace of holy wrath
 s - a cursed +0 mace
 w - a +0 mace of draining
Missiles
 e - 18 poisoned needles
 f - 2 curare-tipped needles
Armour
 c - a +0 robe (worn)
 d - a +0 cloak (worn)
 j - a cursed +0 ring mail
 n - a +0 helmet
 v - a +0 scale mail of cold resistance
Jewellery
 l - a ring of wizardry (left hand)
Scrolls
 h - a scroll of enchant weapon {unknown}
 k - a scroll of magic mapping {unknown}
 t - 2 scrolls of identify {unknown}
Potions
 g - 4 potions of blood
 i - a potion of ambrosia {unknown}
 m - 2 potions of might {unknown}
 o - a potion of heal wounds {unknown}
 p - a potion of haste {unknown}
 r - 2 potions of poison {unknown}
 u - a potion of agility {unknown}
 x - a potion of cure mutation {unknown}


   Skills:
 + Level 2.4 Fighting
 + Level 2.6 Short Blades
 + Level 1.7 Throwing
 + Level 2.8 Dodging
 + Level 7.6 Stealth


You had 3 spell levels left.
You didn't know any spells.

Dungeon Overview and Level Annotations

Branches:
Dungeon (2/15)

Altars:
Sif Muna
Trog
Xom
The Shining One

Annotations:
D:2 Crazy Yiuf


Innate Abilities, Weirdness & Mutations

Your natural rate of healing is unusually fast.
You have razor-sharp teeth.
You have supernaturally acute eyesight.
You can survive without breathing.


Message History

Crazy Yiuf is moderately wounded.
You hit Crazy Yiuf.
Crazy Yiuf is moderately wounded.
You feel sick.
Crazy Yiuf hits you with a quarterstaff of chaos!
* * * LOW HITPOINT WARNING * * *
You hit Crazy Yiuf.
Crazy Yiuf is heavily wounded.
You hit Crazy Yiuf but do no damage.
Crazy Yiuf is heavily wounded.
You closely miss Crazy Yiuf.
Crazy Yiuf is heavily wounded.
You feel sick. Crazy Yiuf completely misses you.
You hit Crazy Yiuf but do no damage.
Crazy Yiuf is heavily wounded.
You hit Crazy Yiuf but do no damage.
Crazy Yiuf is heavily wounded.
You feel sick.
Crazy Yiuf hits you with a quarterstaff of chaos!
You die...

........#.#
#.#
#.##......#
#.#
..##....###
#.#
..#####.#
#.#
...####.#
#.######
..[.....##
#......#
.#.#.....#
#.#.##.#
.#.#.....#
###.#.##.#
##.#.....#
#..g@.##.#
#.#.....#
#.#.####.#
##(#.....#
#.#.####.#
...###.###
# #......#
#### #.#
########
#.## # ..#
#.######
##### #.#
#......#
....# #.#
#......#


You could see Crazy Yiuf.

Vanquished Creatures
  Terence (D:2)
  Natasha (D:2)
  A gnoll (D:1)
  2 adders (D:2)
  5 giant geckos (D:1)
  3 giant cockroaches
  4 hobgoblins
  5 bats
  2 giant newts (D:2)
  7 goblins
  8 jackals
  8 kobolds
  5 rats
52 creatures vanquished.

Notes
Turn   | Place    | Note
--------------------------------------------------------------
     0 | D:1      | dohliylev the Vampire Assassin began the quest for the Orb.
     0 | D:1      | Reached XP level 1. HP: 16/16 MP: 1/1
    45 | D:1      | Reached skill level 6 in Stealth
   182 | D:1      | Reached XP level 2. HP: 13/22 MP: 2/2
   305 | D:1      | Found a shimmering altar of Xom.
   792 | D:1      | HP: 1/22 [gnoll (8)]
   793 | D:1      | Reached XP level 3. HP: 1/27 MP: 3/3
   946 | D:2      | Found a glowing golden altar of the Shining One.
   964 | D:2      | Reached skill level 7 in Stealth
  1009 | D:2      | Found a deep blue altar of Sif Muna.
  1092 | D:2      | Noticed Terence
  1094 | D:2      | Found a bloodstained altar of Trog.
  1100 | D:2      | Killed Terence
  1100 | D:2      | Reached XP level 4. HP: 33/33 MP: 4/4
  1403 | D:2      | Noticed Natasha
  1407 | D:2      | Killed Natasha
  1515 | D:2      | Noticed Crazy Yiuf
  1706 | D:2      | Slain by Crazy Yiuf

Action                   |  1- 3 |  4- 6 || total
-------------------------+-------+-------++-------
Melee: Dagger            |   110 |    44 ||   154
 Fire: Blowgun           |       |     3 ||     3
 Stab: Sleeping          |    18 |     3 ||    21
  Eat: Corpse            |    11 |     1 ||    12
